 Dungeon Crawl Stone Soup version bcrawl-1.37.2 (webtiles) character file.

Game seed: 11967325754203772732

451410 Mehrunes the Devastator (level 17, -2/102 HPs)
             Began as an Avariel Conjurer on Oct 24, 2022.
             Was the Champion of Sif Muna.
             Killed from afar by a frost giant (45 damage)
             ... with a bolt of cold
             ... on level 12 of the Dungeon.
             The game lasted 02:13:21 (35356 turns).

Mehrunes the Devastator (Avariel Conjurer)         Turns: 35356, Time: 02:13:23

Health: -2/102     AC: 27    Str:  9    XL:     17   Next: 92%
Magic:  39/45      EV: 18    Int: 28    God:    Sif Muna [******]
Gold:   1525       SH:  6    Dex: 18    Spells: 1/42 levels left

rFire    + + +     GDR:     37% d - staff of conjuration
rCold    . . .     SeeInvis +   (no shield)
rNeg     + . .     Gourm    .   Z - +5 scale mail of Obrailiu {rPois MR+++ rCorr Str-5}
rPois    +         Faith    .   r - +2 hat {SInv}
rElec    .         Spirit   .   A - +1 cloak "Pamuige" {rF++ MR+ Int+3 Slay-6}
rCorr    +         Reflect  +   G - +0 pair of gloves of Bonn {Dex+5}
MR       +++++                  O - +2 pair of boots "Rahye" {*Corrode rPois rF+}
Stlth    +.........             S - amulet "Heics" {Reflect rF+ rN+ MR+ MP+9 SH+6}
HPRegen  0.27/turn              D - +4 ring of protection
MPRegen  0.29/turn              y - +4 ring of strength

@: exhausted, sap magic, flying quickly and evasively, very slightly
contaminated, quick
A: able to fly
a: Stop Flying, Divine Energy, Channel Magic, Forget Spell, Moment of Magic,
Renounce Religion


You were on level 12 of the Dungeon.
You worshipped Sif Muna.
Sif Muna was exalted by your worship.
You were hungry.

You visited 7 branches of the dungeon, and saw 25 of its levels.
You also visited: Gauntlet and Ice Cave.

You collected 4418 gold pieces.
You spent 2893 gold pieces at shops.

Inventory:

Hand Weapons
 U - the +0 spear of Spores {pain, rC+ Str+4 Dex+3}
   (You found it on level 8 of the Dungeon)

   In the hands of one skilled in necromantic magic, it inflicts extra damage on
   living creatures.
   It affects your strength (+4).
   It affects your dexterity (+3).
   It protects you from cold.
Armour
 f - a scarf of clouds
 r - a +2 hat of see invisible (worn)
 A - the +1 cloak "Pamuige" (worn) {rF++ MR+ Int+3 Slay-6}
   (You bought it in a shop on level 2 of the Snake Pit)

   It affects your intelligence (+3).
   It affects your accuracy and damage with ranged weapons and melee attacks
   (-6).
   It greatly protects you from fire.
   It affects your resistance to hostile enchantments.
 C - the +2 pair of gloves of Resilience {rN++ rCorr Str-4 Stlth+}
   (You found it in an ice cave)

   It affects your strength (-4).
   It greatly protects you from negative energy.
   It provides partial protection from all sources of acid and corrosion.
   It makes you more stealthy.
 G - the +0 pair of gloves of Bonn (worn) {Dex+5}
   (You found it on level 6 of the Dungeon)

   It affects your dexterity (+5).
 O - the +2 pair of boots "Rahye" (worn) {*Corrode rPois rF+}
   (You bought it in a shop in the Orcish Mines)

   It protects you from fire.
   It protects you from poison.
   It may corrode you when you take damage.
 R - a +2 cloak of magic resistance
 X - a +3 scale mail of fire resistance
 Z - the +5 scale mail of Obrailiu (worn) {rPois MR+++ rCorr Str-5}
   (You bought it in a shop in the Orcish Mines)

   It affects your strength (-5).
   It protects you from poison.
   It affects your resistance to hostile enchantments.
   It provides partial protection from all sources of acid and corrosion.
Magical Staves
 d - an uncursed staff of conjuration (weapon)
 P - an uncursed staff of death
Jewellery
 o - an uncursed ring of ice
 t - the ring "Kearph" {+Blink +Fly rN+ SInv}
   (You found it on level 11 of the Dungeon)

   [ring of flight]

   It protects you from negative energy.
   It lets you see invisible.
   It lets you fly.
   It lets you blink.
 y - a +4 ring of strength (right hand)
 D - a +4 ring of protection (left hand)
 F - an uncursed ring of protection from magic
 I - an uncursed amulet of the acrobat
 N - an uncursed ring of magical power
 S - the amulet "Heics" (around neck) {Reflect rF+ rN+ MR+ MP+9 SH+6}
   (You bought it in a shop on level 1 of the Snake Pit)

   [amulet of reflection]

   It shields you and reflects attacks.
   It protects you from fire.
   It protects you from negative energy.
   It affects your resistance to hostile enchantments.
   It affects your magic capacity (+9).
   It affects your SH (+6).
 V - the ring "Cahiacefer" {rN+ MP-9 Dex+3 SInv}
   (You found it in a Gauntlet)

   [ring of positive energy]

   It affects your dexterity (+3).
   It protects you from negative energy.
   It affects your magic capacity (-9).
   It lets you see invisible.
Wands
 a - a wand of acid (9)
 W - a wand of paralysis (5)
 Y - a wand of digging (6)
Scrolls
 b - 12 scrolls of teleportation
 g - 7 scrolls of remove curse
 i - 3 scrolls of identify
 m - 4 scrolls of fear
 n - 6 scrolls of amnesia
 q - 3 scrolls of magic mapping
 u - 9 scrolls of enchant weapon
 x - 3 scrolls of enchant armour
 E - a scroll of brand weapon {unknown}
 K - a scroll of blinking
 Q - 5 scrolls of immolation
 T - a scroll of noise
Potions
 c - 4 potions of magic
 h - 3 potions of curing
 j - 5 potions of brilliance
 k - 2 potions of cancellation {unknown}
 l - a potion of ambrosia {unknown}
 s - 3 potions of might
 w - a potion of agility
 z - 2 potions of invisibility
 B - 2 potions of mutation
 L - 2 potions of flight {unknown}
Miscellaneous
 H - a lightning rod (4/4)
 J - a phial of floods
Comestibles
 e - 39 rations {!d}


   Skills:
 - Level 10.0 Fighting
 - Level 11.0 Armour
 - Level 12.0 Dodging
 - Level 2.1 Stealth
 - Level 13.0 Spellcasting
 - Level 20.0 Conjurations
   Level 3.0 Summonings
 - Level 8.0 Transmutations
 + Level 12.2 Fire Magic
 - Level 3.0 Ice Magic
 - Level 12.0 Invocations


You had one spell level left.
You knew the following spells:

 Your Spells              Type           Power        Failure   Level  Hunger
a - Magic Dart            Conj           ####         0%          1    None
b - Searing Ray           Conj           ########     0%          2    None
c - Iskenderun's Mystic   Conj           ########     0%          3    None
d - Fulminant Prism       Conj/Hex       #######...   2%          4    None
e - Irradiate             Conj/Tmut      #######...   1%          5    None
f - Fire Storm            Conj/Fire      ########..   100%        9    None
g - Ozocubu's Armour      Chrm/Ice       ####....     24%         3    None
h - Orb of Destruction    Conj           ########..   3%          7    None
i - Bolt of Magma         Conj/Fire/Erth #######...   4%          5    None
j - Passwall              Tmut/Erth      #####...     4%          2    None

Your spell library contained the following spells:

 Spells                   Type           Power        Failure   Level  Hunger
 Flame Tongue             Conj/Fire      #####        1%          1    None
 Sting                    Conj/Pois      ####         1%          1    None
 Freeze                   Ice            #####.       4%          1    None
 Summon Butterflies       Summ           #####...     4%          1    None
 Summon Small Mammal      Summ           ####         4%          1    None
 Apportation              Tloc           ###...       14%         1    None
 Corona                   Hex            ###....      14%         1    None
 Infusion                 Chrm           ###.....     14%         1    None
 Sandblast                Erth           ###...       14%         1    None
 Slow                     Hex            ###.....     14%         1    None
 Throw Frost              Conj/Ice       ######       1%          2    None
 Conjure Flame            Conj/Fire      ########     1%          3    None
 Dazzling Orbs            Conj/Hex       #######      1%          3    None
 Stone Arrow              Conj/Erth      ######       1%          3    None
 Fireball                 Conj/Fire      ########..   1%          5    None
 Ignite Poison            Fire/Tmut/Pois ######..     2%          3    None
 Mephitic Cloud           Conj/Pois/Air  ######..     3%          3    None
 Bolt of Fire             Conj/Fire      ########..   3%          6    None
 Call Imp                 Summ           #####.       6%          2    None
 Bolt of Draining         Conj/Necr      #######...   7%          5    None
 Spider Form              Tmut/Pois      ###          9%          3    None
 Call Canine Familiar     Summ           #####...     13%         3    None
 Corpse Rot               Necr           N/A          22%         2    None
 Sublimation of Blood     Necr           ###.......   22%         2    None
 Petrify                  Tmut/Erth      #####.....   28%         4    None
 Steam Barrier            Chrm/Fire      ######....   32%         5    #......
 Conjure Ball Lightning   Conj/Air       #######...   36%         6    None
 Poison Arrow             Conj/Pois      #######...   36%         6    None
 Summon Ice Beast         Ice/Summ       #####...     38%         4    None
 Regeneration             Chrm/Necr      ###.......   41%         3    None
 Summon Scorpions         Summ/Pois      ####....     61%         4    None
 Icicle Burst             Conj/Ice       #######...   73%         7    None
 Spellforged Servitor     Conj/Summ      #######...   73%         7    None
 Agony                    Necr           ###.....     82%         4    None
 Mana Rupture             Conj/Hex       #######...   90%         7    None
 Summon Lightning Spire   Summ/Air       ####....     91%         5    #......
 Lee's Rapid Deconstruct  Erth           ###.......   99%         5    #......
 Dragon Form              Tmut           ######.      99%         7    #####..
 Aura of Abjuration       Summ           #####.....   100%        6    ####...
 Borgnjor's Vile Clutch   Necr/Erth      ###.......   100%        6    ####...
 Summon Hydra             Summ           #####.....   100%        6    ####...
 Malign Gateway           Summ/Tloc      ####......   100%        7    #####..
 Chain Lightning          Conj/Air       #######...   100%        8    None
 Glaciate                 Conj/Ice/Air   #######...   100%        8    None
 Ignition                 Fire           ######....   100%        8    #######
 Lehudib's Crystal Spear  Conj/Erth      #######...   100%        8    None


Dungeon Overview and Level Annotations

Branches:
Dungeon (12/12)            Temple (1/1) D:7            Lair (6/6) D:9
  Swamp (0/3) Lair:4        Snake (2/3) Lair:4        Slime (0/5) Lair:5
    Orc (1/1) D:11            Elf (2/3) Orc          Vaults (0/3) D:12
 Depths (1/5) D:12

Altars:
Ashenzari
Cheibriados
Dithmenos
Elyvilon
Fedhas
Gozag
Hepliaklqana
Kikubaaqudgha
Lugonu
Makhleb
Nemelex Xobeh
Okawaru
Qazlal
Ru
Sif Muna
Trog
Uskayaw
Vehumet
Wu Jian
Xom
Yredelemnul
Zin
The Shining One
Jiyva

Shops:
D:6 (   D:7 :   Orc [!?[   Snake:1 =   Snake:2 [(*%

Annotations:
Lair:1 exclusion: oklob plant
Lair:5 exclusion: oklob plant


Innate Abilities, Weirdness & Mutations

You can fly continuously.


Message History

You kill the boggart!
Sif Muna accepts your kill.
The frost giant is blasted with magical radiation!!!
The frost giant is moderately wounded.
The frost giant twists and deforms.
You are very lightly contaminated with residual magic.
Your magic feels tainted.
You hear a shout! x2
The yaktaur shoots a bolt.
The bolt hits you!!
A rune on the stairs sparks and fizzles.
You fly upwards.
Welcome back to the Dungeon!
There is a staircase to the Depths, spattered with blood here. (Use "xv" to examine it for information about this branch.)
Okay, then.
Blink to where?
Press: ? - help, Dir - move target cursor
As you read the scroll of blinking, it crumbles to dust.
The frost giant gestures at you while chanting.
The bolt of cold hits you!!!
You die...

#.....# #.......# #).# #.....#
#.#####.# #.## ###.### #.#####.#
#(# #.# ###.......######.#####
#.# #......[#............. #.#
#.#####.#).######.##..
#.########.....# #.##.. #
#.##.....##.#..## #.#...
##########[.....@#####.# #.#...
...[[...#§C#####.....### #.#...
#####[.###[......##...## #.....
#..####.....###.8..## ###.##
#...##########......# #...# ##
#.#.##.#####......######.#.## .#
#.#.#...........### #......). .#
#......######.#.#.###.###.###
.######.##.#....#.#..#.##.#...#.#


You could see a frost giant.

Vanquished Creatures
  Vashnia (Snake:2)
  A sphinx (D:12)
  Kirke (Snake:1)
  Agnes (Elf:1)
  2 nagarajas
  A deep elf sorcerer (Elf:1)
  A balrug (Gauntlet)
  Aizul (Snake:2)
  2 deep elf demonologists (Elf:1)
  A deep elf death mage (Elf:1)
  A minotaur (Gauntlet)
  A deep elf high priest (Elf:1)
  A rakshasa (Snake:1)
  8 hydras
  3 anacondas
  3 ice dragons (D:12)
  An ogre mage (Depths:1)
  3 naga warriors
  Psyche (D:8)
  4 catoblepae (Lair:6)
  An alligator (Lair:5)
  2 two-headed ogres (D:12)
  2 dancing weapons (Elf:1)
  A deep troll earth mage (Depths:1)
  A great orb of eyes (Depths:1)
  3 tengu warriors
  A deep troll shaman (Depths:1)
  18 death yaks
  8 naga sharpshooters
  2 shock serpents (Snake:1)
  2 sea snakes (Snake:1)
  3 deep trolls
  5 deep elf knights (Elf:1)
  A deep troll (shapeshifter) (Elf:1)
  A centaur warrior (D:9)
  A salamander mystic (Snake:1)
  5 hell knights
  A goliath frog (Lair:5)
  2 sixfirhies (Gauntlet)
  4 naga ritualists
  4 deep elf archers
  A gelid demonspawn (IceCv)
  A glowing orange brain (D:12)
  A wizard (D:12)
  2 wolf spider zombies (D:12)
  3 orc knights
  5 ugly things
  38 deep elf magi
  A cyclops (D:12)
  3 necromancers
  8 mana vipers
  4 manticores
  8 salamanders
  22 black mambas
  A worldbinder (Gauntlet)
  Joseph (D:8)
  10 naga magi
  A guardian serpent (Snake:2)
  A torpor snail (Lair:6)
  An ice statue (IceCv)
  19 cane toads
  An efreet (D:12)
  2 eyes of draining (D:12)
  5 komodo dragons
  3 rime drakes
  8 ice devils (IceCv)
  A polar bear (Lair:6)
  Maurice (D:8)
  A merfolk (shapeshifter) (Elf:1)
  A harpy skeleton (D:11)
  9 trolls
  2 hornets
  Grinder (D:6)
  2 bog bodies (Lair:4)
  5 dream sheep (Lair:6)
  37 blink frogs
  A meliai zombie (D:10)
  5 hippogriffs
  Grum (D:7)
  A shadow (D:10)
  50 yaks
  A fire elemental (Elf:1)
  2 wyverns
  2 water elementals
  A human (Snake:1)
  3 hogs (Snake:1)
  Menkaure (D:6)
  A hungry ghost (D:8)
  3 basilisks
  A warg (Orc)
  A swamp worm (Lair:4)
  19 nagas
  An acid dragon (D:12)
  A hell hound (Gauntlet)
  6 water moccasins
  13 porcupines
  Duvessa (D:6)
  18 crocodiles
  A cane toad skeleton (D:10)
  3 sky beasts
  3 black bears
  2 necrophages
  5 ice beasts
  38 orc warriors
  3 hornet zombies
  2 phantoms
  3 boggarts
  10 wolves
  14 ogres
  10 bullfrogs
  2 kobold brigands
  2 earth elementals
  Dowan (D:6)
  10 centaurs
  A wyvern skeleton (D:8)
  2 scorpions
  5 killer bees
  9 electric eels
  4 wights (D:8)
  7 howler monkeys
  13 orc priests
  A bullfrog zombie (D:8)
  13 crimson imps
  3 jellies
  10 hounds
  A bullfrog skeleton (D:4)
  A gnoll shaman (Orc)
  21 orc wizards
  Crazy Yiuf (D:6)
  Jessica (D:2)
  An iguana (D:10)
  Terence (D:3)
  11 worker ants
  2 porcupine skeletons (D:10)
  A hound skeleton (D:9)
  2 howler monkey zombies
  3 worker ant zombies
  2 howler monkey skeletons
  14 adders
  12 gnolls
  A shadow imp (D:10)
  8 white imps (IceCv)
  4 ufetubi (IceCv)
  2 oozes
  3 adder zombies
  An adder skeleton (D:2)
  A worm (D:6)
  6 leopard geckos
  75 orcs
  2 ball pythons
  5 goblins
  10 hobgoblins
  10 jackals
  7 quokkas
  4 bats
  A frilled lizard (D:4)
  A jackal skeleton (D:6)
  A jackal zombie (D:3)
  17 kobolds
  A quokka skeleton (D:6)
  2 quokka zombies
  3 rats
  A butterfly (Lair:5)
  A fulminant prism (Lair:3)
  2 fungi
  2 plants (D:9)
871 creatures vanquished.

Vanquished Creatures (others)
  A black mamba (Snake:2)
  An ice statue (IceCv)
  2 humans
  6 white imps (IceCv)
  3 ufetubi (IceCv)
  28 fulminant prisms
  19 fungi
  38 plants
98 creatures vanquished.

Grand Total: 969 creatures vanquished

Notes
Turn   | Place    | Note
-------+----------+-------------------------------------------
     0 | D:1      | Mehrunes the Avariel Conjurer began the quest for the Orb.
     0 | D:1      | Reached XP level 1. HP: 10/10 MP: 6/6
   301 | D:1      | Reached XP level 2. HP: 9/15 MP: 4/7
   304 | D:1      | Reached skill level 6 in Conjurations
   415 | D:1      | Learned a level 2 spell: Searing Ray
   997 | D:2      | Reached XP level 3. HP: 19/19 MP: 6/9
  1281 | D:2      | Reached skill level 7 in Conjurations
  1326 | D:2      | Reached XP level 4. HP: 24/24 MP: 3/10
  1479 | D:2      | Noticed Jessica
  1489 | D:2      | Killed Jessica
  1589 | D:2      | Found a sparkling altar of Nemelex Xobeh.
  1814 | D:3      | Reached skill level 8 in Conjurations
  1858 | D:3      | Reached XP level 5. HP: 28/28 MP: 6/11
  1995 | D:3      | Learned a level 3 spell: Iskenderun's Mystic Blast
  2151 | D:3      | Noticed a necrophage
  2172 | D:3      | Killed a necrophage
  2173 | D:3      | Reached skill level 9 in Conjurations
  2173 | D:3      | Reached XP level 6. HP: 32/32 MP: 5/12
  2308 | D:3      | Noticed Terence
  2322 | D:3      | Killed Terence
  2861 | D:3      | Reached skill level 10 in Conjurations
  2875 | D:3      | Found a basalt altar of Yredelemnul.
  3101 | D:4      | Noticed a phantom
  3154 | D:4      | Killed a phantom
  3155 | D:4      | Reached XP level 7. HP: 36/36 MP: 8/15
  3219 | D:4      | Reached skill level 5 in Spellcasting
  3564 | D:4      | Learned a level 4 spell: Fulminant Prism
  3570 | D:4      | Learned a level 5 spell: Irradiate
  3935 | D:4      | Reached XP level 8. HP: 41/41 MP: 16/21
  4403 | D:5      | Entered Level 5 of the Dungeon
  4460 | D:5      | Found a sacrificial altar of Ru.
  4577 | D:5      | Noticed a hippogriff
  4591 | D:5      | Killed a hippogriff
  4651 | D:5      | Noticed a troll
  4654 | D:5      | Killed a troll
  4655 | D:5      | Reached skill level 5 in Dodging
  5552 | D:6      | Found an iron altar of Okawaru.
  5572 | D:6      | Found a radiant altar of Vehumet.
  5572 | D:6      | Found a bloodstained altar of Trog.
  5610 | D:6      | Gained mutation: You can fly continuously. [Avariel growth]
  5610 | D:6      | Reached XP level 9. HP: 45/45 MP: 9/23
  5730 | D:6      | Found Puomyuj's Antique Weapon Shop.
  5802 | D:6      | Found a runed door.
  5806 | D:6      | Noticed Crazy Yiuf
  5809 | D:6      | Killed Crazy Yiuf
  5992 | D:6      | Noticed Menkaure
  5996 | D:6      | Killed Menkaure
  6079 | D:6      | Found a shimmering altar of Xom.
  6133 | D:6      | Noticed Grinder
  6137 | D:6      | Killed Grinder
  6138 | D:6      | Reached skill level 10 in Dodging
  6138 | D:6      | Reached skill level 1 in Fighting
  6184 | D:6      | Noticed Dowan
  6188 | D:6      | Noticed Duvessa
  6189 | D:6      | Killed Duvessa
  6189 | D:6      | Killed Dowan
  6580 | D:6      | Got a pair of crude gloves
  6739 | D:6      | Identified the cursed +0 pair of gloves of Bonn {Dex+5}
                  | (You found it on level 6 of the Dungeon)
  6937 | D:7      | Reached XP level 10. HP: 58/58 MP: 17/24
  7006 | D:7      | Found a burning altar of Makhleb.
  7008 | D:7      | Noticed a cacodemon
  7014 | D:7      | Noticed a smoke demon
  7062 | D:7      | Reached skill level 5 in Fighting
  7080 | D:7      | Reached skill level 1 in Transmutations
  7242 | D:7      | Found a staircase to the Ecumenical Temple.
  7254 | D:7      | Found an ornate altar of the Wu Jian Council.
  7520 | D:7      | Got an iridescent trident
  7719 | D:7      | Found Waorouq's Book Boutique.
  7738 | D:7      | Found a glowing silver altar of Zin.
  7896 | D:8      | Noticed Grum
  7912 | D:7      | Killed Grum
  8009 | Temple   | Entered the Ecumenical Temple
  8413 | D:8      | Noticed Maurice
  8428 | D:8      | Killed Maurice
  8700 | D:8      | Got a twisted spear
  8737 | D:8      | Found a bloodstained altar of Trog.
  8874 | D:8      | Reached skill level 10 in Spellcasting
  8906 | D:8      | Noticed Psyche
  8920 | D:8      | Killed Psyche
  8996 | D:8      | Noticed Joseph
  9082 | D:8      | Killed Joseph
  9083 | D:8      | Reached XP level 11. HP: 63/63 MP: 24/27
  9151 | D:8      | Found a glowing golden altar of the Shining One.
  9169 | D:8      | Found a blossoming altar of Fedhas.
  9344 | D:8      | Reached skill level 1 in Armour
  9548 | D:9      | Found a shimmering blue altar of Sif Muna.
  9551 | D:9      | Became a worshipper of Sif Muna the Loreminder
  9623 | D:9      | Noticed a centaur warrior
  9636 | D:9      | Killed a centaur warrior
 10018 | D:9      | Reached skill level 5 in Armour
 10150 | D:9      | Found a staircase to the Lair.
 10505 | D:9      | Found a stormy altar of Qazlal.
 10970 | D:9      | Noticed a green ugly thing
 10986 | D:9      | Killed a green ugly thing
 11402 | D:10     | Entered Level 10 of the Dungeon
 11468 | D:10     | Reached skill level 1 in Invocations
 11551 | D:10     | Reached * piety under Sif Muna
 11814 | D:10     | Noticed a cyan ugly thing
 11828 | D:10     | Killed a cyan ugly thing
 11892 | D:10     | Reached skill level 5 in Transmutations
 11922 | D:10     | Found a shimmering altar of Xom.
 11952 | D:10     | Identified Memualergh's Volume of the Congealing Voyage
                  | (Sif Muna gifted it to you on level 10 of the Dungeon)
 11952 | D:10     | Received a gift from Sif Muna
 12489 | D:10     | Learned a level 7 spell: Icicle Burst
 12555 | Lair:1   | Entered Level 1 of the Lair of Beasts
 12574 | Lair:1   | Reached XP level 12. HP: 56/68 MP: 28/28
 12663 | Lair:1   | Reached skill level 5 in Invocations
 12745 | Lair:1   | Reached ** piety under Sif Muna
 13678 | Lair:1   | Learned a level 1 spell: Summon Butterflies
 13796 | Lair:2   | Found a frozen archway.
 13801 | Lair:2   | Reached *** piety under Sif Muna
 13880 | IceCv    | Entered an ice cave
 13989 | IceCv    | Reached skill level 11 in Conjurations
 14152 | IceCv    | Got a pair of brightly glowing gloves
 14177 | IceCv    | Identified the +2 pair of gloves of Resilience {rN++ rCorr
                  | Str-4 Stlth+} (You found it in an ice cave)
 14215 | IceCv    | Reached **** piety under Sif Muna
 14388 | IceCv    | Received a gift from Sif Muna
 14388 | IceCv    | Reached skill level 12 in Conjurations
 14732 | IceCv    | Identified the +9 trident of Tomorrow {drain, Dex+4} (You
                  | found it on level 7 of the Dungeon)
 14733 | IceCv    | Identified the cursed +0 spear of Spores {pain, rC+ Str+4
                  | Dex+3} (You found it on level 8 of the Dungeon)
 14866 | Lair:2   | Learned a level 7 spell: Orb of Destruction
 14959 | Lair:2   | Noticed an eight-headed hydra
 14971 | Lair:2   | Reached skill level 13 in Conjurations
 15304 | Lair:2   | Noticed a six-headed hydra
 15311 | Lair:2   | Killed a six-headed hydra
 15311 | Lair:2   | Reached ***** piety under Sif Muna
 15312 | Lair:2   | Reached skill level 14 in Conjurations
 15312 | Lair:2   | Reached XP level 13. HP: 72/72 MP: 26/29
 15673 | Lair:2   | Identified a scroll of acquirement
 16899 | Lair:3   | Reached skill level 15 in Conjurations
 17286 | Lair:2   | Identified the amulet of Xaolif {Regen Int+3 Slay+2} (You
                  | acquired it on level 2 of the Lair of Beasts)
 17487 | Lair:3   | Reached skill level 10 in Invocations
 18254 | Lair:4   | Found a staircase to the Snake Pit.
 18826 | Lair:4   | Found a staircase to the Swamp.
 18963 | Lair:4   | Found a glowing silver altar of Zin.
 19072 | Lair:5   | Reached XP level 14. HP: 78/78 MP: 29/30
 20027 | Lair:5   | Received a gift from Sif Muna
 20311 | Lair:5   | Found a viscous altar of Jiyva.
 20311 | Lair:5   | Found a staircase to the Slime Pits.
 20598 | Lair:6   | Entered Level 6 of the Lair of Beasts
 20805 | Lair:6   | Reached skill level 10 in Armour
 21213 | Lair:6   | Got a fading arbalest
 22080 | Lair:6   | Reached XP level 15. HP: 72/89 MP: 13/31
 23224 | D:11     | Identified the +0 lajatang of Tartarus {drain, +Fly Int+8
                  | Dex-4 Stlth-} (You acquired it on level 11 of the Dungeon)
 23323 | D:11     | Found a staircase to the Orcish Mines.
 23376 | Orc      | Entered the Orcish Mines
 23435 | Orc      | Reached ****** piety under Sif Muna
 23498 | Orc      | Reached skill level 10 in Fighting
 23953 | Orc      | Found Ridupn's Distillery.
 23953 | Orc      | Found Ishroexu's Magic Scroll Boutique.
 24092 | Orc      | Found a staircase to the Elven Halls.
 24194 | Orc      | Found Maseirip's Antique Armour Emporium.
 24200 | Orc      | Found Nainn's Antique Armour Shop.
 24205 | Orc      | Bought a pair of ichor-stained boots for 285 gold pieces
 24205 | Orc      | Bought a jewelled cloak for 285 gold pieces
 24210 | Orc      | Identified the +2 pair of boots "Rahye" {*Corrode rPois
                  | rF+} (You bought it in a shop in the Orcish Mines)
 24220 | Orc      | Identified the cursed -2 cloak "Jyfal" {-Cast rPois rC+
                  | MR+} (You bought it in a shop in the Orcish Mines)
 24253 | Orc      | Bought a fine scale mail for 270 gold pieces
 24253 | Orc      | Bought a distressingly furry ring mail for 270 gold pieces
 24274 | Orc      | Identified the +5 scale mail of Obrailiu {rPois MR+++ rCorr
                  | Str-5} (You bought it in a shop in the Orcish Mines)
 24296 | Orc      | Identified the +1 ring mail of the Crushed Emperors {+Fly}
                  | (You bought it in a shop in the Orcish Mines)
 24321 | Orc      | Identified Sif Muna's Almanac of the Rocks and Poisoning
                  | (Sif Muna gifted it to you in the Orcish Mines)
 24321 | Orc      | Received a gift from Sif Muna
 24756 | Elf:1    | Entered Level 1 of the Elven Halls
 24834 | Elf:1    | Reached skill level 16 in Conjurations
 24976 | Elf:1    | Noticed Agnes
 24998 | Elf:1    | Killed Agnes
 25360 | Elf:1    | Reached skill level 17 in Conjurations
 26037 | Elf:1    | Reached skill level 18 in Conjurations
 26130 | Elf:1    | Identified the Catalogue of Companions
 26168 | Elf:1    | Noticed an Ice Fiend
 26170 | Elf:1    | Reached XP level 16. HP: 97/97 MP: 22/32
 26463 | Orc      | Learned a level 9 spell: Fire Storm
 26530 | Elf:1    | Reached skill level 1 in Summonings
 26543 | Elf:1    | Reached skill level 1 in Fire Magic
 26644 | Elf:1    | Received a gift from Sif Muna
 27571 | Elf:1    | Identified the Collected Works on Combat Magic
 27969 | Snake:1  | Entered Level 1 of the Snake Pit
 27988 | Snake:1  | Reached skill level 19 in Conjurations
 28060 | Snake:1  | Found Larchom's Jewellery Emporium.
 28066 | Snake:1  | Bought the amulet "Heics" {Reflect rF+ rN+ MR+ MP+9 SH+6}
                  | for 1122 gold pieces
 28121 | Snake:1  | Reached skill level 5 in Fire Magic
 28275 | Snake:1  | Found a shimmering altar of Xom.
 28667 | Snake:1  | Noticed a nagaraja
 28673 | Snake:1  | Killed a nagaraja
 28764 | Snake:1  | Noticed Kirke
 28779 | Snake:1  | Killed Kirke
 29585 | Snake:2  | Noticed Vashnia
 29614 | Snake:2  | Identified Sif Muna's Almanac of Shifting Confrontation
                  | (Sif Muna gifted it to you on level 2 of the Snake Pit)
 29614 | Snake:2  | Received a gift from Sif Muna
 30135 | Snake:2  | Reached skill level 20 in Conjurations
 30146 | Snake:2  | Killed Vashnia
 30147 | Snake:2  | Reached XP level 17. HP: 99/102 MP: 7/34
 30260 | Snake:2  | Found Kuowats's Food Emporium.
 30268 | Snake:2  | Noticed Aizul
 30288 | Snake:2  | Killed Aizul
 30489 | Snake:2  | Found Amutejof's General Store.
 30489 | Snake:2  | Found Wutitoc's Weapon Shoppe.
 30549 | Snake:2  | Found Mous's Antique Armour Shoppe.
 30604 | Snake:2  | Bought a twisted cloak for 247 gold pieces
 30645 | Snake:1  | Identified the cursed -1 cloak of Gogimeh {rF+ rCorr} (You
                  | bought it in a shop on level 2 of the Snake Pit)
 30870 | Snake:2  | Bought the +1 cloak "Pamuige" {rF++ MR+ Int+3 Slay-6} for
                  | 414 gold pieces
 31468 | Snake:2  | Learned a level 5 spell: Bolt of Magma
 32121 | D:11     | Learned a level 2 spell: Passwall
 32298 | D:11     | Got a warped silver ring
 32647 | D:12     | Entered Level 12 of the Dungeon
 32807 | D:12     | Found a bloodstained altar of Trog.
 32825 | D:12     | Found a gate leading to a gauntlet.
 32835 | Gauntlet | Entered a Gauntlet
 32835 | Gauntlet | Found a transporter.
 32845 | Gauntlet | Found a transporter.
 32860 | Gauntlet | Found a transporter.
 32866 | Gauntlet | Found a transporter.
 32883 | Gauntlet | Found a transporter.
 32900 | Gauntlet | Found a transporter.
 32912 | Gauntlet | Found a transporter.
 32924 | Gauntlet | Found a transporter.
 32936 | Gauntlet | Found a transporter.
 32948 | Gauntlet | Found a transporter.
 32965 | Gauntlet | Found a transporter.
 32982 | Gauntlet | Found a transporter.
 32984 | Gauntlet | Found a transporter.
 33010 | Gauntlet | Found a transporter.
 33012 | Gauntlet | Found a transporter.
 33014 | Gauntlet | Found a transporter.
 33036 | Gauntlet | Found a transporter.
 33116 | Gauntlet | Found a transporter.
 33162 | Gauntlet | Identified the ring "Kearph" {+Blink +Fly rN+ SInv} (You
                  | found it on level 11 of the Dungeon)
 33302 | Gauntlet | Reached skill level 10 in Fire Magic
 33571 | Gauntlet | Got a wavering marble ring
 33580 | Gauntlet | Identified the ring "Cahiacefer" {rN+ MP-9 Dex+3 SInv} (You
                  | found it in a Gauntlet)
 33828 | D:12     | Identified Sif Muna's Guide on Excruciating Boosts (Sif
                  | Muna gifted it to you on level 12 of the Dungeon)
 33828 | D:12     | Received a gift from Sif Muna
 34121 | D:12     | Found a staircase to the Depths.
 34358 | D:12     | Found a gate to the Vaults.
 34765 | D:12     | Learned a level 3 spell: Ozocubu's Armour
 35026 | Depths:1 | Entered Level 1 of the Depths
 35026 | Depths:1 | Noticed a sphinx
 35031 | D:12     | Reached skill level 1 in Ice Magic
 35034 | D:12     | Killed a sphinx
 35356 | D:12     | Killed from afar by a frost giant

Skill      XL: |  1  2  3  4  5  6  7  8  9 10 11 12 13 14 15 16 17 |
---------------+----------------------------------------------------+-----
Conjurations   | 6 7 8 9 10 14 15 18 20 | 20.0
Spellcasting   | 4 7 8 10 11 13 | 13.0
Dodging        | 7 10 11 12 | 12.0
Fighting       | 4 5 8 10 | 10.0
Transmutations | 4 5 8 |  8.0
Armour         | 7 11 | 11.0
Invocations    | 4 5 11 12 | 12.0
Summonings     | 3 |  3.0
Fire Magic     | 8 12 | 12.2
Ice Magic      | 3 |  3.0
Stealth        | |  2.1

Action                   |  1- 3 |  4- 6 |  7- 9 | 10-12 | 13-15 | 16-18 || total
-------------------------+-------+-------+-------+-------+-------+-------++-------
Melee: Dagger            |       |     1 |       |       |       |       ||     1
       Staff             |       |       |     1 |       |    14 |    13 ||    28
 Cast: Magic Dart        |    40 |    59 |   103 |    93 |    47 |     2 ||   344
       Searing Ray       |     3 |    19 |    26 |   116 |    89 |    34 ||   287
       Iskenderun's Myst |       |       |    26 |   101 |   382 |   141 ||   650
       Fulminant Prism   |       |       |       |    23 |     6 |       ||    29
       Irradiate         |       |       |       |       |    15 |    11 ||    26
       Orb of Destructio |       |       |       |       |    19 |   156 ||   175
       Bolt of Magma     |       |       |       |       |       |    67 ||    67
       Ozocubu's Armour  |       |       |       |       |       |     2 ||     2
Invok: Channel Magic     |       |       |       |       |    11 |    21 ||    32
       Moment of Magic   |       |       |       |       |     1 |     7 ||     8
       Divine Energy     |       |       |       |       |     1 |       ||     1
  Use: Scroll            |       |       |       |    16 |    15 |     8 ||    39
       Potion            |       |       |       |     6 |     2 |     3 ||    11
  Eat: Chunk             |     2 |     7 |    12 |    31 |    41 |    29 ||   122
       Ration            |       |       |     1 |     1 |     2 |     4 ||     8
Armor: Robe              |     1 |     3 |     1 |       |       |       ||     5
       Troll leather arm |       |       |     3 |    15 |       |       ||    18
       Scale mail        |       |       |       |    67 |   139 |   169 ||   375
Dodge: Dodged            |     5 |    19 |    25 |   219 |   334 |   228 ||   830
Block: Other             |       |       |       |       |       |    61 ||    61
       Reflection        |       |       |       |       |       |     5 ||     5
